 Dungeon Crawl Stone Soup version 0.23-a0-537-g04293e5 (webtiles) character file.

531015 Amnesiac the Imperceptible (level 24, -30/145 HPs)
             Began as a Spriggan Enchanter on Dec 7, 2018.
             Was an Initiate of Gozag.
             Killed from afar by an orb of fire (31 damage)
             ... with a fireball
             ... on level 5 of the Realm of Zot.
             The game lasted 04:00:55 (75975 turns).

Amnesiac the Imperceptible (Spriggan Enchanter)    Turns: 75975, Time: 04:00:56

Health: -30/145    AC:  9    Str:  2    XL:     24   Next: 42%
Magic:  0/38       EV: 44    Int: 26    God:    Gozag
Gold:   94         SH: 12    Dex: 23    Spells: 6/62 levels left

rFire    + + .     SeeInvis +   a - +9 dagger (drain)
rCold    + + .     Gourm    .   H - +3 buckler
rNeg     . . .     Faith    .   t - +2 robe {Archmagi}
rPois    +         Spirit   +   A - +2 hat
rElec    +         Reflect  .   p - +2 cloak {rPois}
rCorr    +         Harm     .   (gloves unavailable)
MR       ++++.                  (boots unavailable)
Stlth    +++++++++.             m - amulet of guardian spirit
HPRegen  0.00/turn              S - ring of Phasing {EV+8}
MPRegen  0.26/turn              k - ring of protection from fire

@: agile, about to teleport, resistant, bribing [the Realm of Zot], deflect
missiles, very quick
A: very small, unfitting armour, see invisible, blink, cold resistance 1,
herbivore, speed 3, low mp 2, inhibited regeneration, slow metabolism 2, weak 1
}: 3/15 runes: decaying, serpentine, slimy
a: Blink, Potion Petition, Call Merchant, Bribe Branch, Renounce Religion


You were on level 5 of the Realm of Zot.
You worshipped Gozag.
Gozag was noncommittal.
You were not hungry.

You visited 10 branches of the dungeon, and saw 50 of its levels.
You visited 1 bazaar.

You collected 26339 gold pieces.
You spent 4607 gold pieces at shops.
You paid 21638 gold pieces to Gozag.

Inventory:

Hand Weapons
 a - a +9 dagger of draining (weapon)
 b - a +9 blowgun
Missiles
 e - 13 curare-tipped needles
 s - 7 throwing nets (quivered)
Armour
 g - the +4 dragonskin cloak
   (You took it off Tiamat on level 4 of the Realm of Zot)
 p - a +2 cloak of poison resistance (worn)
 t - a +2 robe of the Archmagi (worn)
 A - a +2 hat (worn)
 H - a +3 buckler (worn)
Jewellery
 k - a ring of protection from fire (right hand)
 m - an amulet of guardian spirit (around neck)
 x - an uncursed ring of wizardry
 G - an uncursed ring of flight
 Q - an uncursed ring of protection from cold
 R - the ring of Shadows {Umbra +Inv Stlth+}
   (You bought it in a shop on level 3 of the Depths)

   [ring of stealth]

   It lets you turn invisible.
   It makes you more stealthy.
 S - the ring of Phasing (left hand) {EV+8}
   (You found it on level 6 of the Lair of Beasts)

   [ring of evasion]

   It affects your evasion (+8).
Wands
 i - a wand of iceblast (83)
 o - a wand of scattershot (9)
 B - a wand of digging (20)
 D - a wand of enslavement (4)
 N - a wand of clouds (4)
 P - a wand of acid (18)
Scrolls
 f - 3 scrolls of summoning {!r}
 h - 6 scrolls of blinking {!r}
 j - 25 scrolls of remove curse {!r}
 l - 3 scrolls of fear {!r}
 n - 14 scrolls of teleportation {!r}
 y - 2 scrolls of silence {!r}
 C - 24 scrolls of identify {!r}
 I - 3 scrolls of fog {!r}
 L - 4 scrolls of vulnerability {!r}
Potions
 c - 18 potions of curing {!q}
 q - 4 potions of agility {!q}
 u - 7 potions of flight {!q}
 v - 2 potions of cancellation {!q}
 w - a potion of magic {!q}
 z - 9 potions of brilliance {!q}
 J - 3 potions of invisibility {!q}
 K - 4 potions of might {!q}
 M - 5 potions of ambrosia {!q}
 Y - 2 potions of mutation {!q}
Miscellaneous
 F - a phial of floods
 U - a fan of gales
 V - a lightning rod (4/4)
 W - 3 sacks of spiders
 X - 2 phantom mirrors
 Z - 6 boxes of beasts
Comestibles
 d - 31 rations


   Skills:
 * Level 21.2 Fighting
 - Level 10.0 Short Blades
 - Level 12.0 Dodging
 + Level 24.9 Stealth
 - Level 7.2 Shields
 + Level 19.8 Spellcasting
 - Level 4.0 Conjurations
 + Level 19.8 Hexes
 - Level 10.0 Charms
 - Level 4.0 Translocations
 - Level 6.0 Transmutations
 - Level 4.0 Air Magic
 - Level 4.0 Earth Magic
 - Level 12.0 Evocations


You had 6 spell levels left.
You knew the following spells:

 Your Spells              Type           Power        Failure   Level  Hunger
a - Ensorcelled Hibernat  Hex/Ice        ######       1%          2    None
b - Passwall              Tmut/Erth      ######..     1%          2    None
c - Summon Butterflies    Summ           #####...     1%          1    None
d - Dazzling Spray        Conj/Hex       ######       1%          3    None
e - Confuse               Hex            ########     0%          3    None
f - Invisibility          Hex            ########     1%          6    ##.....
g - Summon Lightning Spi  Summ/Air       ######..     8%          4    None
h - Apportation           Tloc           ######       1%          1    None
i - Fulminant Prism       Conj/Hex       #######...   1%          4    None
k - Discord               Hex            ########..   3%          8    ######.
q - Summon Mana Viper     Hex/Summ       #######.     1%          5    None
s - Silence               Hex/Air        #######...   1%          5    None
w - Tukima's Dance        Hex            ########     0%          3    None
x - Deflect Missiles      Chrm/Air       #######...   14%         6    ##.....
z - Ozocubu's Armour      Chrm/Ice       ######..     1%          3    None

Your spell library contained the following spells:

 Spells                   Type           Power        Failure   Level  Hunger
 Corona                   Hex            #######      0%          1    None
 Spectral Weapon          Hex/Chrm       ########     0%          3    None
 Cause Fear               Hex            ########..   0%          4    None
 Flame Tongue             Conj/Fire      #####        1%          1    None
 Freeze                   Ice            ####         1%          1    None
 Infusion                 Chrm           ####         1%          1    None
 Magic Dart               Conj           ####         1%          1    None
 Sandblast                Erth           ######       1%          1    None
 Shock                    Conj/Air       ####         1%          1    None
 Summon Small Mammal      Summ           ####         1%          1    None
 Searing Ray              Conj           ######       1%          2    None
 Shroud of Golubria       Chrm/Tloc      #######...   1%          2    None
 Song of Slaying          Chrm           #######.     1%          2    None
 Swiftness                Chrm/Air       #######.     1%          2    None
 Throw Frost              Conj/Ice       ######       1%          2    None
 Lesser Beckoning         Tloc           ######....   1%          3    None
 Regeneration             Chrm/Necr      ######....   1%          3    None
 Static Discharge         Conj/Air       ######..     1%          3    None
 Stone Arrow              Conj/Erth      ######       1%          3    None
 Summon Guardian Golem    Hex/Summ       #######.     1%          3    None
 Leda's Liquefaction      Hex/Erth       #######...   1%          4    None
 Metabolic Englaciation   Hex/Ice        #######...   1%          5    None
 Yara's Violent Unravell  Hex/Tmut       #######...   1%          5    None
 Call Imp                 Summ           #####...     2%          2    None
 Ignite Poison            Fire/Tmut/Pois ######..     2%          3    None
 Petrify                  Tmut/Erth      ######..     2%          4    None
 Iskenderun's Battlesphe  Conj/Chrm      #######.     2%          5    None
 Airstrike                Air            ######....   3%          4    None
 Force Lance              Conj/Tloc      ######..     3%          4    None
 Iskenderun's Mystic Bla  Conj           ######..     3%          4    None
 Call Canine Familiar     Summ           #####...     4%          3    None
 Ice Form                 Ice/Tmut       ######..     4%          4    None
 Throw Icicle             Conj/Ice       ######..     8%          4    None
 Lee's Rapid Deconstruct  Erth           ######....   9%          5    None
 Lightning Bolt           Conj/Air       ######....   9%          5    None
 Alistair's Intoxication  Tmut/Pois      ######..     14%         5    None
 Bolt of Magma            Conj/Fire/Erth ######....   16%         5    None
 Summon Ice Beast         Ice/Summ       #####...     17%         4    None
 Fireball                 Conj/Fire      ######....   21%         5    None
 Venom Bolt               Conj/Pois      ######....   21%         5    None
 Statue Form              Tmut/Erth      ######...    32%         6    ##.....
 Conjure Ball Lightning   Conj/Air       ######....   45%         6    ##.....
 Iron Shot                Conj/Erth      ######....   45%         6    ##.....
 Freezing Cloud           Conj/Ice/Air   ######....   65%         6    ##.....
 Bolt of Cold             Conj/Ice       ######....   75%         6    ##.....
 Bolt of Fire             Conj/Fire      ######....   75%         6    ##.....
 Ozocubu's Refrigeration  Ice            #####.....   95%         6    ##.....
 Simulacrum               Ice/Necr       #####.....   95%         6    ##.....
 Dragon Form              Tmut           ######....   77%         7    ####...
 Ring of Flames           Chrm/Fire      ######....   88%         7    ####...
 Orb of Destruction       Conj           ######....   95%         7    ####...
 Spellforged Servitor     Conj/Summ      ######....   99%         7    ####...
 Haunt                    Necr/Summ      #####.....   100%        7    ####...
 Summon Hydra             Summ           #####.....   100%        7    ####...
 Borgnjor's Revivificati  Necr           #####.....   100%        8    ######.
 Death's Door             Chrm/Necr      ######....   100%        8    ######.
 Ignition                 Fire           #####.....   100%        8    ######.
 Infestation              Necr           #####.....   100%        8    ######.
 Necromutation            Tmut/Necr      ######....   100%        8    ######.
 Dragon's Call            Summ           #####.....   100%        9    #######
 Shatter                  Erth           ######....   100%        9    #######
 Tornado                  Air            ######....   100%        9    #######


Dungeon Overview and Level Annotations

Branches:
Dungeon (15/15)            Temple (1/1) D:7            Lair (6/6) D:9
  Swamp (4/4) Lair:2        Snake (4/4) Lair:4        Slime (5/5) Lair:6
    Orc (2/2) D:12            Elf (3/3) Orc:2        Vaults (0/5) D:14
 Depths (5/5) D:15            Zot (5/5) Depths:5

Altars:
Ashenzari
Cheibriados
Dithmenos
Elyvilon
Fedhas
Gozag
Hepliaklqana
Kikubaaqudgha
Makhleb
Nemelex Xobeh
Okawaru
Qazlal
Ru
Sif Muna
Trog
Uskayaw
Vehumet
Wu Jian
Xom
Yredelemnul
Zin
Jiyva

Shops:
D:6 !   D:9 (   D:12 (   D:13 ?   Orc:1 [   Orc:2 }(!?   Elf:1 [   Elf:3 }
Swamp:3 [[=:[(?(   Snake:4 ?   Depths:1 *(:   Depths:3 (=(   Depths:4 :

Portals:
Hell: Depths:1 Depths:2 Depths:3 Depths:4 Depths:5
Abyss: Depths:4
Pandemonium: Depths:3 Depths:5
Ziggurat: Depths:2


Innate Abilities, Weirdness & Mutations

You are very small and have problems with some larger weapons.
You are too small for most types of armour.
You have supernaturally acute eyesight. (SInv)
You are a herbivore.
You cover ground extremely quickly.
You need to consume almost no food.
You can translocate small distances at will.
Your flesh is cold resistant. (rC+)
Your magical capacity is very low. (-20% MP)
You do not regenerate when monsters are visible.
You are weak. (Str -2)


Message History

The fireball explodes!
The fireball engulfs you! You resist.
The orb of fire glows yellow.
The fireball explodes!
The fireball engulfs the orb of fire.
The orb of fire completely resists.
The fireball engulfs you! You resist.
* * * LOW HITPOINT WARNING * * *
The fireball engulfs the orb of fire.
The orb of fire completely resists.
Really walk into that permanent teleport trap?
You enter a permanent teleport trap!
Your surroundings suddenly seem different.
Unknown command.
Okay, then.
Really quaff
q - 5 potions of agility {!q}?
You feel agile all of a sudden.
Really quaff
c - 19 potions of curing {!q}?
You feel better.
Really read
n - 17 scrolls of teleportation {!r}?
As you read the scroll of teleportation {!r}, it crumbles to dust.
You feel strangely unstable.
You feel the Orb delaying your translocation!
The orb of fire glows red.
The fireball explodes!
The fireball engulfs you! You resist.
* * * LOW HITPOINT WARNING * * *
Really read
n - 16 scrolls of teleportation {!r}?
As you read the scroll of teleportation {!r}, it crumbles to dust.
You feel strangely stable.
The orb of fire glows bright magenta.
Strange energies course through your body.
Your regeneration stops near monsters.
Really read
n - 15 scrolls of teleportation {!r}?
As you read the scroll of teleportation {!r}, it crumbles to dust.
You feel strangely unstable.
You feel the Orb delaying your translocation!
The orb of fire glows red.
The fireball explodes!
The fireball engulfs you! You resist.
* * * LOW HITPOINT WARNING * * *
Really read
I - 4 scrolls of fog {!r}?
As you read the scroll of fog {!r}, it crumbles to dust.
The scroll dissolves into smoke.
The orb of fire emits a lurid red light.
Strange energies course through your body.
Really quaff
w - 4 potions of magic {!q}?
Magic courses through your body.
Really quaff
E - a potion of resistance {!q}?
You feel protected.
The orb of fire glows yellow.
Strange energies course through your body.
You feel less energetic.
The orb of fire glows yellow.
The fireball explodes!
The fireball engulfs you! You resist.
* * * LOW HITPOINT WARNING * * *
Really quaff
w - 3 potions of magic {!q}?
Magic courses through your body.
Okay, then.
Okay, then.
Really quaff
w - 2 potions of magic {!q}?
Magic courses through your body.
The orb of fire emits a lurid red light.
The fireball explodes!
The fireball engulfs you! You resist.
The fireball engulfs the orb of fire.
The orb of fire completely resists.
The orb of fire glows yellow.
The fireball explodes!
The fireball engulfs the orb of fire.
The orb of fire completely resists.
The fireball engulfs you! You resist.
You die...
Your body crumbles into a pile of gold.

▓.........[.[.)[)..
▓▓.................
▓▓............)...
▓▓...............
▓▓..*....*........
▓▓.................
▓§§§§§...........^.
▓§§§*§§............
▓▓@*§§..........[..
▓▓*§§§............
▓▓▓▓.............
▓▓▓▓▓▓▓▓▓▓▓▓▓▓


You could see 2 orbs of fire and a neutral orb of fire.

Vanquished Creatures
  Dissolution (Slime:4)
  the Royal Jelly (Slime:5)
  An orb of fire (Zot:5)
  3 juggernauts (Depths:2)
  Frederick (Depths:5)
  Vashnia (Snake:4)
  5 golden dragons
  A Killer Klown (Zot:5)
  A lich (Depths:2)
  An electric golem (Zot:1)
  7 tentacled monstrosities
  Asterion (Snake:1)
  3 Orb Guardians (Zot:5)
  5 quicksilver dragons
  2 deep elf master archers (Elf:3)
  4 titans
  3 deep elf blademasters
  15 acid blobs
  8 sphinxes
  Agnes (Snake:2)
  Frances (Snake:1)
  Gastronok (D:8)
  4 death cobs
  The ghost of Vurie the Eclecticist, an adept OpFE of Gozag (Swamp:2)
  Kirke (Swamp:3)
  4 shadow dragons
  A thorn hunter (Swamp:2)
  The ghost of MalarOregon the Impaler, an adept MfGl of Ashenzari (Snake:2)
  10 azure jellies
  7 storm dragons
  7 tengu reavers
  10 fire giants
  3 draconian monks
  8 nagarajas
  Roxanne (Elf:2)
  A deep elf sorcerer (Elf:3)
  An iron dragon (Depths:5)
  A draconian knight (Zot:4)
  6 frost giants
  Louise (D:14)
  A draconian scorcher (Zot:1)
  2 ghost moths
  2 deep elf elementalists
  A spriggan defender (Depths:2)
  10 stone giants
  13 very ugly things
  9 green draconians
  A vampire knight (Depths:3)
  6 deep elf annihilators
  5 deep elf demonologists
  A purple draconian (Zot:3)
  3 red draconians
  Azrael (Snake:1)
  The ghost of Jadatax the Nimble, a journeyman SpBe of Trog (Depths:2)
  2 black draconians (Zot:1)
  A white draconian (Zot:3)
  6 spark wasps
  Snorg (Lair:3)
  4 yellow draconians
  8 deep elf death magi
  6 death oozes
  3 deep elf high priests
  12 great orbs of eyes
  3 green deaths
  7 ettins
  7 fire dragons
  Erolcha (D:11)
  6 yaktaur captains
  Harold (D:9)
  2 rakshasas (Depths:4)
  14 ice dragons
  10 naga warriors
  3 shambling mangroves
  A hell beast (Swamp:4)
  18 hydras
  4 spriggan air magi
  A caustic shrike simulacrum (Depths:4)
  11 alligators
  4 centaur warriors
  7 anacondas
  23 two-headed ogres
  6 ogre magi
  2 ghost crabs
  9 deep troll shamans
  5 deep troll earth magi
  6 shock serpents
  7 tengu warriors
  A vampire mage (Depths:1)
  3 orc high priests
  A spriggan berserker (Depths:3)
  Urug (Lair:5)
  A spectral naga (Snake:2)
  6 hell knights (Depths:2)
  19 deep elf knights
  10 naga sharpshooters
  A titan skeleton (Depths:4)
  2 salamander mystics
  4 skeletal warriors (D:14)
  2 gelid demonspawn (Depths:3)
  8 iron trolls
  A sea snake (shapeshifter) (Depths:3)
  3 unseen horrors
  A spectral anaconda (Snake:2)
  4 spriggan druids
  16 deep trolls
  2 wizards
  3 glowing orange brains
  4 flayed ghosts
  6 swamp dragons
  12 deep elf archers
  Pikel (D:9)
  2 phantasmal warriors (Depths:3)
  A lindwurm (Lair:6)
  8 orc knights
  A naga ritualist (Snake:4)
  4 necromancers
  43 deep elf magi
  2 mana vipers (Snake:2)
  7 orc sorcerers
  2 shining eyes
  21 ugly things
  17 salamanders
  2 manticores
  A moth of wrath (shapeshifter) (Elf:1)
  Joseph (D:8)
  13 moths of wrath
  A spectral shock serpent (Snake:2)
  A manticore (shapeshifter) (Depths:2)
  Maurice (D:11)
  3 elephants (Lair:6)
  3 cyclopes
  21 black mambas
  An elf zombie (Depths:4)
  3 eyes of devastation
  11 naga magi
  3 molten gargoyles (Depths:2)
  A black mamba (shapeshifter) (D:15)
  2 eyes of devastation (shapeshifter)
  A water nymph (shapeshifter) (D:15)
  3 orange demons (Swamp:4)
  18 spiny frogs
  A torpor snail (Lair:4)
  11 komodo dragons
  3 rime drakes (Lair:5)
  3 kobold demonologists (D:11)
  An anaconda simulacrum (Snake:2)
  4 tengu conjurers
  An efreet (D:15)
  A spark wasp simulacrum (Depths:4)
  10 yaktaurs
  A hellwing (Depths:3)
  21 hornets
  6 trolls
  A merfolk (shapeshifter) (Depths:3)
  12 polar bears
  A hornet (shapeshifter) (Elf:1)
  Grinder (D:5)
  A polar bear (shapeshifter) (Depths:3)
  A queen bee (shapeshifter) (D:13)
  14 tyrant leeches
  153 slime creatures
  A meliai (shapeshifter) (Depths:1)
  A spectral guardian serpent (Snake:2)
  2 raiju (Lair:6)
  12 bog bodies
  8 blink frogs
  15 hippogriffs
  2 air elementals
  3 shadows
  4 water elementals
  7 fire elementals
  15 spriggans
  A wyvern (D:15)
  A hog (shapeshifter) (Depths:5)
  A human (D:13)
  A fire bat (Depths:2)
  55 yaks
  16 golden eyes
  A steam dragon (D:11)
  A human (shapeshifter) (Depths:5)
  4 basilisks
  3 hogs (Swamp:3)
  10 vampire mosquitoes
  A large abomination (Swamp:4)
  11 swamp worms
  3 hungry ghosts
  12 insubstantial wisps
  52 nagas
  An acid dragon (D:6)
  8 wargs
  2 soldier ants
  19 hell hounds
  4 porcupines
  Duvessa (D:5)
  9 water moccasins
  A floating eye (Depths:5)
  3 ice beasts
  6 swamp drakes
  4 slaves (D:9)
  14 black bears
  24 orc warriors
  An eye of draining (shapeshifter) (Depths:2)
  10 eyes of draining
  A meliai simulacrum (D:15)
  4 sky beasts
  2 necrophages
  A black mamba simulacrum (Snake:2)
  16 centaurs
  12 ogres
  23 wolves
  2 phantoms
  A centaur (shapeshifter) (Depths:4)
  10 crocodiles
  6 big kobolds
  17 bullfrogs
  An earth elemental (Elf:3)
  Dowan (D:5)
  4 scorpions
  A wyvern skeleton (D:14)
  A water moccasin skeleton (D:6)
  16 killer bees
  An electric eel (D:9)
  3 howler monkeys
  7 crimson imps
  7 centaur zombies
  5 jellies
  2 bullfrog zombies
  3 bullfrog skeletons
  10 hounds
  12 orc priests
  9 centaur skeletons
  17 orc wizards
  5 iguanas
  12 worker ants
  A hound skeleton (D:8)
  A hound zombie (D:5)
  A worker ant zombie (D:3)
  10 gnolls
  10 adders
  2 naga simulacra (Snake:2)
  2 shadow imps
  A white imp (Depths:4)
  2 adder zombies
  3 adder skeletons
  5 worms
  2 dart slugs
  8 leopard geckos
  65 orcs
  6 bats
  2 giant cockroaches (D:3)
  7 goblins
  9 hobgoblins
  11 jackals
  22 kobolds
  5 quokkas
  2 ball pythons (D:4)
  9 frilled lizards
  A jackal skeleton (D:4)
  A leopard gecko skeleton (D:4)
  A quokka zombie (D:6)
  11 rats
1711 creatures vanquished.

Vanquished Creatures (collateral kills)
  An orb of fire (Zot:5)
  Tiamat (Zot:4)
  A Killer Klown (Zot:5)
  5 golden dragons
  2 electric golems (Zot:5)
  9 tentacled monstrosities
  A lich (Depths:5)
  2 quicksilver dragons
  12 Orb Guardians (Zot:5)
  2 death cobs (Zot:4)
  2 shadow dragons
  3 storm dragons
  3 draconian scorchers
  A ghost moth (Zot:5)
  A draconian knight (Zot:5)
  2 draconian shifters (Zot:5)
  A stone giant (Depths:4)
  A draconian annihilator (Zot:5)
  A draconian stormcaller (Zot:5)
  3 black draconians
  5 green draconians
  4 red draconians
  A deep elf annihilator (Depths:5)
  6 purple draconians
  3 yellow draconians
  4 white draconians
  An ettin (Depths:1)
  An ice dragon (Depths:4)
  2 two-headed ogres (D:10)
  An orc high priest (Orc:2)
  4 deep troll earth magi (Depths:5)
  A deep troll shaman (Depths:5)
  A soul eater (Depths:3)
  4 deep trolls (Depths:5)
  5 moths of wrath
  4 yaktaurs (Depths:5)
  An orc warrior (D:9)
  An ogre (D:4)
  A bullfrog (D:9)
  2 orc wizards (D:10)
  An orc (D:10)
107 creatures vanquished.

Vanquished Creatures (others)
  An ancient lich (Zot:5)
  4 tentacled monstrosities
  9 Orb Guardians (Zot:5)
  A quicksilver dragon (Zot:4)
  A shadow dragon (Zot:4)
  2 draconian shifters
  2 draconian stormcallers (Zot:5)
  2 draconian annihilators (Zot:5)
  A deep elf demonologist (Elf:3)
  2 black draconians
  A green draconian (Zot:5)
  2 white draconians (Zot:5)
  2 yellow draconians (Zot:5)
  2 red draconians (Zot:5)
  A salamander mystic (Depths:2)
  A deep troll (Depths:5)
  A deep elf mage (Elf:3)
  4 moths of wrath
  A black mamba (Snake:3)
  A salamander (Snake:2)
  A yaktaur (Depths:3)
  A spriggan (Swamp:3)
  A fire bat (Depths:2)
  21 dancing weapons
  A swamp drake (Swamp:4)
  An electric eel (D:12)
  56 fulminant prisms
  9 fungi
  10 plants
142 creatures vanquished.

Grand Total: 1960 creatures vanquished

Notes
Turn   | Place    | Note
-------+----------+-------------------------------------------
     0 | D:1      | Amnesiac the Spriggan Enchanter began the quest for the
                  | Orb.
     0 | D:1      | Reached XP level 1. HP: 9/9 MP: 5/5
    77 | D:2      | Found an iron altar of Okawaru.
    77 | D:2      | Found an ancient bone altar of Kikubaaqudgha.
    78 | D:2      | Found a hide-covered altar of Uskayaw.
   114 | D:3      | Found a sacrificial altar of Ru.
   249 | D:3      | Noticed a worker ant
   251 | D:3      | Killed a worker ant
   251 | D:3      | Reached XP level 2. HP: 13/13 MP: 7/7
   251 | D:3      | Reached XP level 3. HP: 16/16 MP: 8/8
   259 | D:3      | Learned a level 3 spell: Confuse
   293 | D:3      | Reached skill level 5 in Stealth
   418 | D:3      | Learned a level 3 spell: Tukima's Dance
   429 | D:4      | Reached XP level 4. HP: 21/21 MP: 9/9
   645 | D:4      | Noticed an ogre
   664 | D:4      | Killed an ogre
   664 | D:4      | Reached skill level 6 in Stealth
   664 | D:4      | Reached XP level 5. HP: 24/24 MP: 1/10
   669 | D:4      | Learned a level 3 spell: Dazzling Spray
   840 | D:4      | Found a sparkling altar of Nemelex Xobeh.
  1097 | D:4      | Reached skill level 5 in Dodging
  1472 | D:5      | Entered Level 5 of the Dungeon
  1479 | D:5      | Noticed Grinder
  1498 | D:5      | Found a blossoming altar of Fedhas.
  1534 | D:5      | Noticed a necrophage
  1611 | D:5      | Reached XP level 6. HP: 28/28 MP: 12/12
  1737 | D:5      | Reached skill level 7 in Stealth
  1781 | D:6      | Reached XP level 7. HP: 21/32 MP: 14/14
  1797 | D:6      | Found Kenexzewn's Distillery.
  1899 | D:6      | Found an ornate altar of the Wu Jian Council.
  1978 | D:6      | Found a transporter.
  1986 | D:6      | Found a transporter.
  2112 | D:6      | Reached skill level 8 in Stealth
  2596 | D:7      | Found a staircase to the Ecumenical Temple.
  2600 | Temple   | Entered the Ecumenical Temple
  2622 | Temple   | Became a worshipper of Gozag Ym Sagoz the Greedy
  2674 | D:7      | Reached skill level 5 in Spellcasting
  2886 | D:7      | Reached XP level 8. HP: 19/36 MP: 1/18
  3348 | D:7      | Found a shadowy altar of Dithmenos.
  3569 | D:7      | Learned a level 2 spell: Ensorcelled Hibernation
  3624 | D:6      | Reached skill level 5 in Hexes
  5009 | D:2      | Found a stormy altar of Qazlal.
  6132 | D:5      | Reached skill level 5 in Short Blades
  6212 | D:5      | Killed Grinder
  6212 | D:5      | Reached XP level 9. HP: 39/39 MP: 17/22
  6260 | D:5      | Noticed Dowan
  6263 | D:5      | Noticed Duvessa
  6294 | D:5      | Killed Dowan
  6318 | D:5      | Killed Duvessa
  7505 | D:7      | Found a staircase to the Ecumenical Temple.
  7683 | D:7      | Found a shadowy altar of Dithmenos.
  8057 | D:8      | Found a bloodstained altar of Trog.
  8286 | D:8      | Reached skill level 10 in Hexes
  8294 | D:8      | Noticed Gastronok
  8433 | D:8      | Killed Gastronok
  8433 | D:8      | Reached XP level 10. HP: 9/44 MP: 13/23
  8854 | D:8      | Noticed Joseph
  9147 | D:8      | Killed Joseph
  9147 | D:8      | Reached skill level 10 in Short Blades
  9368 | D:9      | Reached skill level 9 in Stealth
  9435 | D:9      | Found a staircase to the Lair.
  9526 | D:9      | Reached skill level 10 in Stealth
  9585 | D:9      | Noticed Harold
  9607 | D:9      | Killed Harold
  9607 | D:9      | Reached skill level 10 in Spellcasting
  9812 | D:9      | Noticed Pikel
  9831 | D:9      | Killed Pikel
  9852 | D:9      | Reached skill level 1 in Fighting
  9973 | D:9      | Noticed a two-headed ogre
  9983 | D:9      | Killed a two-headed ogre
  9983 | D:9      | Reached XP level 11. HP: 40/49 MP: 14/26
 10128 | D:9      | Found Tegiam's Antique Weapon Boutique.
 10139 | D:9      | Bought a runed rapier for 217 gold pieces
 10739 | D:10     | Entered Level 10 of the Dungeon
 10780 | D:10     | Gained mutation: You do not regenerate when monsters are
                  | visible. [potion of mutation]
 10780 | D:10     | Gained mutation: You have very sharp teeth. [potion of
                  | mutation]
 10780 | D:10     | Gained mutation: You are clumsy. (Dex -2) [potion of
                  | mutation]
 10780 | D:10     | Gained mutation: Your spells are a little harder to cast,
                  | but a little more powerful. [potion of mutation]
 10921 | D:10     | Reached skill level 11 in Stealth
 10959 | D:10     | Noticed a two-headed ogre
 11167 | D:10     | Noticed an unseen horror
 11174 | D:10     | Killed an unseen horror
 11220 | D:10     | Noticed a two-headed ogre
 11228 | D:10     | Killed a two-headed ogre
 11239 | D:10     | Killed a two-headed ogre
 11239 | D:10     | Reached skill level 10 in Dodging
 11474 | D:10     | Learned a level 6 spell: Invisibility
 11643 | D:11     | Reached skill level 12 in Stealth
 11663 | D:11     | Noticed Erolcha
 11673 | D:11     | Learned a level 1 spell: Summon Butterflies
 11675 | D:11     | Learned a level 1 spell: Apportation
 11679 | D:11     | Killed Erolcha
 11750 | D:11     | You fall through a shaft!
 11751 | D:12     | Noticed a two-headed ogre
 11754 | D:12     | Noticed a green ugly thing
 11757 | D:12     | Found a radiant altar of Vehumet.
 11761 | D:12     | Killed a green ugly thing
 11781 | D:12     | Killed a two-headed ogre
 11814 | D:12     | Noticed a two-headed ogre
 11848 | D:12     | Noticed an orc knight
 12112 | D:12     | Killed an orc knight
 12112 | D:12     | Reached skill level 13 in Stealth
 12112 | D:12     | Reached XP level 12. HP: 18/58 MP: 27/27
 12317 | D:12     | Killed a two-headed ogre
 12532 | D:11     | Noticed Maurice
 12536 | D:11     | Noticed a two-headed ogre
 12549 | D:11     | Killed a two-headed ogre
 12549 | D:11     | Reached skill level 5 in Fighting
 12554 | D:11     | Killed Maurice
 12809 | D:11     | Noticed a four-headed hydra
 12821 | D:11     | Killed a four-headed hydra
 12821 | D:11     | Reached skill level 14 in Stealth
 12970 | D:11     | Learned a level 2 spell: Passwall
 12975 | D:11     | Learned a level 4 spell: Summon Lightning Spire
 13733 | D:11     | Reached skill level 15 in Stealth
 14071 | D:12     | Noticed a six-headed hydra
 14134 | D:12     | Killed a six-headed hydra
 14289 | D:12     | Reached skill level 16 in Stealth
 14353 | D:12     | Found a staircase to the Orcish Mines.
 14360 | D:12     | Found Ythruopn's Weapon Shoppe.
 14618 | Orc:1    | Entered Level 1 of the Orcish Mines
 14723 | Orc:2    | Entered Level 2 of the Orcish Mines
 14765 | Orc:2    | Found a staircase to the Elven Halls.
 14807 | Orc:1    | Reached XP level 13. HP: 68/68 MP: 28/28
 14871 | Orc:1    | Found Qaured's Armour Shop.
 15694 | Orc:2    | Reached skill level 17 in Stealth
 16009 | Orc:2    | Found Ofedweh's Magic Scroll Shoppe.
 16009 | Orc:2    | Found Ejellipt's Gadget Shoppe.
 16018 | Orc:2    | Found Locvad's Distillery.
 16018 | Orc:2    | Found Guzac's Antique Weapon Boutique.
 16036 | Orc:2    | Bought a potion of heal wounds for 70 gold pieces
 16036 | Orc:2    | Bought a potion of resistance for 140 gold pieces
 16039 | Orc:2    | Bought a scroll of brand weapon for 280 gold pieces
 16039 | Orc:2    | Bought a scroll of fog for 28 gold pieces
 16039 | Orc:2    | Bought a scroll of vulnerability for 105 gold pieces
 16039 | Orc:2    | Bought a scroll of enchant weapon for 105 gold pieces
 16381 | Lair:1   | Entered Level 1 of the Lair of Beasts
 16779 | Orc:2    | Bought a scroll of identify for 28 gold pieces
 16779 | Orc:2    | Bought a scroll of identify for 28 gold pieces
 16779 | Orc:2    | Bought a scroll of identify for 28 gold pieces
 16779 | Orc:2    | Bought 2 scrolls of blinking for 210 gold pieces
 16779 | Orc:2    | Bought a scroll of teleportation for 42 gold pieces
 16779 | Orc:2    | Bought a scroll of fear for 49 gold pieces
 16781 | Orc:2    | Bought a potion of heal wounds for 70 gold pieces
 16781 | Orc:2    | Bought a potion of heal wounds for 70 gold pieces
 16781 | Orc:2    | Bought a potion of brilliance for 56 gold pieces
 16781 | Orc:2    | Bought a potion of brilliance for 56 gold pieces
 16781 | Orc:2    | Bought a potion of curing for 42 gold pieces
 16781 | Orc:2    | Bought a potion of flight for 42 gold pieces
 16781 | Orc:2    | Bought a potion of flight for 42 gold pieces
 17005 | Lair:1   | Reached skill level 18 in Stealth
 17095 | Lair:1   | You fall through a shaft!
 17642 | Lair:2   | Reached skill level 10 in Fighting
 18529 | Lair:2   | Found a staircase to the Swamp.
 19263 | Lair:2   | Lost mutation: You are clumsy. (Dex -2) [potion of
                  | mutation]
 19263 | Lair:2   | Lost mutation: Your spells are a little harder to cast, but
                  | a little more powerful. [potion of mutation]
 19263 | Lair:2   | Gained mutation: You have sharp fingernails. [potion of
                  | mutation]
 19263 | Lair:2   | Gained mutation: Your magical capacity is low. (-10% MP)
                  | [potion of mutation]
 19263 | Lair:2   | Gained mutation: Your flesh is heat resistant. (rF+)
                  | [potion of mutation]
 19263 | Lair:2   | Gained mutation: You expend magic power (3 MP) to
                  | strengthen your wands. [potion of mutation]
 19264 | Lair:2   | Lost mutation: Your magical capacity is low. (-10% MP)
                  | [potion of mutation]
 19264 | Lair:2   | Lost mutation: You expend magic power (3 MP) to strengthen
                  | your wands. [potion of mutation]
 19264 | Lair:2   | Gained mutation: You occasionally shout uncontrollably at
                  | your foes. [potion of mutation]
 19264 | Lair:2   | Gained mutation: You have very sharp fingernails. [potion
                  | of mutation]
 19265 | Lair:2   | Lost mutation: You have very sharp teeth. [potion of
                  | mutation]
 19265 | Lair:2   | Lost mutation: Your flesh is heat resistant. (rF+) [potion
                  | of mutation]
 19265 | Lair:2   | Lost mutation: You occasionally shout uncontrollably at
                  | your foes. [potion of mutation]
 19265 | Lair:2   | Lost mutation: You do not regenerate when monsters are
                  | visible. [potion of mutation]
 19265 | Lair:2   | Gained mutation: You tend to lose your temper in combat.
                  | [potion of mutation]
 19265 | Lair:2   | Gained mutation: Your movements are slightly less
                  | encumbered by armour. (ER -2) [potion of mutation]
 19265 | Lair:2   | Gained mutation: Your system is resistant to poisons.
                  | (rPois) [potion of mutation]
 19266 | Lair:2   | Lost mutation: Your movements are slightly less encumbered
                  | by armour. (ER -2) [potion of mutation]
 19266 | Lair:2   | Lost mutation: Your system is resistant to poisons. (rPois)
                  | [potion of mutation]
 19266 | Lair:2   | Lost mutation: You have very sharp fingernails. [potion of
                  | mutation]
 19266 | Lair:2   | Gained mutation: You are weak. (Str -2) [potion of
                  | mutation]
 19266 | Lair:2   | Gained mutation: Your magical capacity is low. (-10% MP)
                  | [potion of mutation]
 19266 | Lair:2   | Gained mutation: You are surrounded by a mild repulsion
                  | field. (EV +2) [potion of mutation]
 19267 | Lair:2   | Lost mutation: You tend to lose your temper in combat.
                  | [potion of mutation]
 19267 | Lair:2   | Lost mutation: You are weak. (Str -2) [potion of mutation]
 19267 | Lair:2   | Gained mutation: You are dopey. (Int -2) [potion of
                  | mutation]
 19267 | Lair:2   | Gained mutation: You have very sharp teeth. [potion of
                  | mutation]
 19267 | Lair:2   | Gained mutation: You are weak. (Str -2) [potion of
                  | mutation]
 19267 | Lair:2   | Gained mutation: You possess an exceptional clarity of
                  | mind. [potion of mutation]
 19300 | Lair:3   | Lost mutation: You are dopey. (Int -2) [potion of mutation]
 19300 | Lair:3   | Lost mutation: You possess an exceptional clarity of mind.
                  | [potion of mutation]
 19300 | Lair:3   | Gained mutation: You are partially covered in rugged brown
                  | scales. (AC +1, +3% HP) [potion of mutation]
 19300 | Lair:3   | Lost mutation: You are surrounded by a mild repulsion
                  | field. (EV +2) [potion of mutation]
 19300 | Lair:3   | Gained mutation: You have a pair of small antennae on your
                  | head. [potion of mutation]
 19300 | Lair:3   | Gained mutation: You are mostly covered in rugged brown
                  | scales. (AC +2, +5% HP) [potion of mutation]
 19415 | Lair:3   | Reached XP level 14. HP: 80/80 MP: 27/27
 19440 | Lair:3   | Noticed Snorg
 19447 | Lair:3   | Killed Snorg
 20078 | Lair:4   | Lost mutation: You have a pair of small antennae on your
                  | head. [potion of mutation]
 20078 | Lair:4   | Lost mutation: Your magical capacity is low. (-10% MP)
                  | [potion of mutation]
 20078 | Lair:4   | Lost mutation: You are weak. (Str -2) [potion of mutation]
 20078 | Lair:4   | Gained mutation: You are somewhat resistant to further
                  | mutation. [potion of mutation]
 20378 | Lair:4   | Reached skill level 1 in Transmutations
 20477 | Lair:4   | Identified a scroll of acquirement {!r}
 20568 | Lair:4   | Found a staircase to the Snake Pit.
 20636 | Lair:4   | Reached skill level 1 in Air Magic
 20636 | Lair:4   | Reached skill level 1 in Earth Magic
 21153 | Lair:5   | Noticed Urug
 21161 | Lair:5   | Killed Urug
 21765 | Lair:5   | Got a warped quick blade
 21766 | Lair:5   | Identified the +1 quick blade of a sewer {pierce, Str+2}
                  | (You acquired it on level 5 of the Lair of Beasts)
 21770 | Lair:6   | Entered Level 6 of the Lair of Beasts
 22059 | Lair:6   | Reached skill level 5 in Transmutations
 22517 | Lair:6   | Found the ring of Phasing {EV+8}
 23383 | Lair:6   | Found a viscous altar of Jiyva.
 23384 | Lair:6   | Found a staircase to the Slime Pits.
 24301 | D:13     | Found Fatedaac's Magic Scroll Shoppe.
 25055 | D:14     | Reached skill level 1 in Evocations
 25136 | D:14     | Reached XP level 15. HP: 87/87 MP: 28/32
 25158 | D:14     | Reached skill level 1 in Translocations
 25178 | D:14     | Reached skill level 1 in Conjurations
 25198 | D:14     | Found a gate to the Vaults.
 25474 | D:14     | Noticed Louise
 25528 | D:14     | Killed Louise
 26113 | D:15     | Entered Level 15 of the Dungeon
 26409 | D:15     | Reached skill level 5 in Evocations
 26901 | D:15     | Found a staircase to the Depths.
 27303 | Elf:1    | Entered Level 1 of the Elven Halls
 27567 | Elf:1    | Reached skill level 1 in Shields
 27690 | Elf:1    | Found Vaopn's Antique Armour Emporium.
 27690 | Elf:1    | You fall through a shaft!
 27783 | Elf:2    | Noticed a deep elf blademaster
 27791 | Elf:2    | Killed a deep elf blademaster
 27791 | Elf:2    | Reached XP level 16. HP: 92/92 MP: 33/33
 27968 | Elf:2    | Reached skill level 5 in Shields
 28286 | Elf:2    | Found a runed gate.
 28286 | Elf:2    | Found a runed gate.
 28287 | Elf:2    | Found a runed gate.
 28365 | Elf:2    | Learned a level 4 spell: Fulminant Prism
 28726 | Elf:2    | Identified Roxanne's Compendium of the Mountains
 28726 | Elf:2    | Noticed Roxanne
 28774 | Elf:2    | Killed Roxanne
 30465 | Elf:3    | Identified a paperback manual
 30465 | Elf:3    | Entered Level 3 of the Elven Halls
 30507 | Elf:3    | Found Quaw's Gadget Shoppe.
 31025 | Elf:3    | Noticed a Tzitzimitl
 31107 | Elf:3    | Reached skill level 19 in Stealth
 31484 | Elf:3    | Identified the cursed +1 chain mail of Mumblety Peg {+Blink
                  | rC+}
 31484 | Elf:3    | Noticed a deep elf master archer
 31484 | Elf:3    | Identified the +1 great sword "Teits" {antimagic, rC+ rN++
                  | Str-4}
 31505 | Elf:3    | Killed a deep elf master archer
 31510 | Elf:3    | Noticed a deep elf blademaster
 31511 | Elf:3    | Noticed a deep elf master archer
 31513 | Elf:3    | Noticed a deep elf blademaster
 31522 | Elf:3    | Identified the +7 dagger "Eviscerator" {pierce, Int+2}
 31522 | Elf:3    | Identified the cursed +0 robe "Icwoirede" {Str+2}
 31526 | Elf:3    | Killed a deep elf blademaster
 31531 | Elf:3    | Killed a deep elf master archer
 31536 | Elf:3    | Killed a ghostly deep elf master archer
 31562 | Elf:3    | Reached XP level 17. HP: 45/99 MP: 14/34
 31884 | Elf:3    | Identified the cursed +2 war axe "Pendulum" {chop, MP+9}
 31895 | Elf:3    | Killed a deep elf blademaster
 31910 | Elf:3    | Noticed a Tzitzimitl
 32123 | Elf:3    | Identified the cursed +1 long sword "Beastbane" {speed,
                  | Int-2 Dex+5}
 32253 | Elf:3    | Found the +3 giant club "Skullcrusher" {speed, Str+7}
 33124 | Swamp:1  | Entered Level 1 of the Swamp
 33666 | Swamp:1  | Reached skill level 20 in Stealth
 34463 | Swamp:2  | Found a runed gate.
 34463 | Swamp:2  | Found a runed gate.
 34945 | Swamp:2  | Noticed Vurie's ghost (adept OpFE)
 34946 | Swamp:2  | Found a runed gate.
 35094 | Swamp:2  | Killed Vurie's ghost
 36267 | Swamp:3  | Bought a +1 robe of the Archmagi for 555 gold pieces
 36288 | Swamp:3  | Bought 2 scrolls of enchant weapon for 240 gold pieces
 36348 | Swamp:3  | Noticed Kirke
 36379 | Swamp:3  | Killed Kirke
 37275 | Swamp:4  | Entered Level 4 of the Swamp
 37763 | Swamp:4  | Reached XP level 18. HP: 108/108 MP: 17/36
 38969 | Swamp:4  | Reached skill level 15 in Fighting
 39635 | Swamp:4  | Got a decaying rune of Zot
 40380 | Snake:1  | Entered Level 1 of the Snake Pit
 40380 | Snake:1  | Identified the +0 shield of Agnosticism {*Contam rN+
                  | Regen+}
 40380 | Snake:1  | Noticed Asterion
 40386 | Snake:1  | Killed Asterion
 40405 | Snake:1  | Noticed Azrael
 40427 | Snake:1  | Killed Azrael
 41124 | Snake:2  | Noticed Frances
 41160 | Snake:1  | Killed Frances
 41585 | Snake:2  | Noticed Agnes
 41593 | Snake:2  | Killed Agnes
 41724 | Snake:3  | Reached skill level 15 in Spellcasting
 41737 | Snake:3  | Reached skill level 15 in Hexes
 41768 | Snake:3  | Found a flickering gateway to a bazaar.
 41777 | Bazaar   | Entered a bazaar
 41802 | Bazaar   | Found Aqovi's Magic Scroll Shoppe.
 41822 | Bazaar   | Found Weneklo's Assorted Antiques.
 41866 | Bazaar   | Found Iklotethru's Assorted Antiques.
 41870 | Bazaar   | Bought a scroll labeled EPRI WAOLEGG for 27 gold pieces
 41870 | Bazaar   | Bought a golden ring for 135 gold pieces
 41905 | Bazaar   | Bought a scroll of magic mapping for 38 gold pieces
 43404 | Snake:2  | Found a runed gate.
 43404 | Snake:2  | Found a runed gate.
 43405 | Snake:2  | Found a runed gate.
 43409 | Snake:2  | Noticed MalarOregon's ghost (adept MfGl)
 44071 | Snake:2  | Learned a level 5 spell: Summon Mana Viper
 44075 | Snake:2  | Learned a level 3 spell: Ozocubu's Armour
 44187 | Snake:2  | Reached XP level 19. HP: 114/114 MP: 39/39
 44432 | Snake:2  | Killed MalarOregon's ghost
 44941 | Snake:4  | Entered Level 4 of the Snake Pit
 45511 | Snake:4  | Found Vatham Jix's Magic Scroll Shop.
 46499 | Snake:4  | Noticed Vashnia
 46582 | Snake:4  | Got a serpentine rune of Zot
 47032 | Snake:4  | Killed Vashnia
 47411 | Slime:1  | Entered Level 1 of the Pits of Slime
 48376 | Slime:5  | Entered Level 5 of the Pits of Slime
 48825 | Slime:4  | Noticed Dissolution
 48844 | Slime:4  | Killed Dissolution
 50288 | Slime:1  | Reached skill level 21 in Stealth
 50666 | Slime:1  | Reached XP level 20. HP: 123/124 MP: 40/40
 52265 | Slime:5  | Noticed the Royal Jelly
 52780 | Slime:5  | Gained mutation: You are clumsy. (Dex -2) [a shining eye]
 53951 | Slime:5  | Found a viscous altar of Jiyva.
 54107 | Slime:5  | Killed the Royal Jelly
 55605 | Slime:5  | Got a bone shortbow
 55618 | Slime:5  | Got a fine whip
 55629 | Slime:5  | Got a bone dagger
 55635 | Slime:5  | Identified the +9 dagger of Yruasof {flame, Fragile +Fly
                  | Int+3 Dex+2} (You found it on level 5 of the Pits of Slime)
 55640 | Slime:5  | Got a slimy rune of Zot
 55696 | Slime:5  | Got a scorched broad axe
 55723 | Slime:5  | Got a transparent cloak
 55735 | Slime:5  | Identified the cursed +0 cloak "Imarifui" {Str+5} (You
                  | found it on level 5 of the Pits of Slime)
 55768 | Slime:5  | Learned a level 6 spell: Deflect Missiles
 55774 | Slime:5  | Learned a level 5 spell: Silence
 56179 | Depths:1 | Entered Level 1 of the Depths
 56199 | Depths:1 | Reached skill level 1 in Charms
 56648 | Depths:1 | Reached skill level 22 in Stealth
 56860 | Depths:1 | Found a gateway to Hell.
 56862 | Depths:1 | Found Ynilem Uboe's Book Emporium.
 56862 | Depths:1 | Found Ytaiheix's General Store.
 56864 | Depths:1 | Reached skill level 5 in Charms
 57138 | Depths:1 | Bought a scroll of acquirement for 728 gold pieces
 57200 | Depths:1 | Found Halir Pig's Antique Weapon Shop.
 57213 | Depths:1 | Got a translucent fustibalus
 57214 | Depths:1 | Identified the +9 fustibalus of Pain {velocity, rElec rPois
                  | rF+ Dex+4} (You found it on level 1 of the Depths)
 57520 | Depths:1 | Reached skill level 10 in Charms
 57847 | Swamp:3  | Bought a +0 cloak of poison resistance for 136 gold pieces
 58172 | D:13     | Bought a scroll of enchant armour for 120 gold pieces
 58173 | D:13     | Bought a scroll of blinking for 120 gold pieces
 58544 | Depths:1 | Got a scorched ruby amulet
 58545 | Depths:1 | Identified the amulet of Summer {Harm *Drain rF+ Int+4}
                  | (You found it on level 1 of the Depths)
 59059 | Depths:2 | Found a runed door.
 59059 | Depths:2 | Noticed Jadatax's ghost (journeyman SpBe)
 59088 | Depths:2 | Killed Jadatax's ghost
 60199 | Depths:2 | Reached XP level 21. HP: 132/132 MP: 37/41
 60215 | Depths:2 | Noticed a juggernaut
 60806 | Depths:2 | Reached skill level 10 in Evocations
 61108 | Depths:2 | Killed a juggernaut
 61241 | Depths:2 | Found a gateway to a ziggurat.
 61672 | Depths:2 | Noticed a juggernaut
 61673 | Depths:2 | Killed a juggernaut
 61675 | Depths:2 | Noticed a golden dragon
 61691 | Depths:2 | Killed a golden dragon
 61807 | Depths:2 | Noticed a juggernaut
 61863 | Depths:2 | Killed a juggernaut
 62656 | Depths:3 | Bought the ring of Shadows {Umbra +Inv Stlth+} for 800 gold
                  | pieces
 62656 | Depths:3 | Found the ring of Shadows {Umbra +Inv Stlth+}
 63130 | Depths:3 | Reached XP level 22. HP: 100/136 MP: 21/44
 63501 | Depths:3 | Found a one-way gate leading to the halls of Pandemonium.
 64117 | Depths:4 | Learned a level 8 spell: Discord
 64127 | Depths:4 | Noticed a golden dragon
 64401 | Depths:4 | Killed a golden dragon
 64928 | Depths:4 | Found a one-way gate to the infinite horrors of the Abyss.
 64953 | Depths:4 | You fall through a shaft!
 64953 | Depths:5 | Entered Level 5 of the Depths
 65116 | Depths:4 | Found Xepluoc's Book Shoppe.
 65934 | Depths:5 | Noticed Frederick
 65938 | Depths:5 | Killed Frederick
 66603 | Depths:5 | Reached skill level 23 in Stealth
 67096 | Depths:5 | Found a gate to the Realm of Zot.
 67098 | Depths:5 | Noticed a golden dragon
 67112 | Depths:5 | Killed a golden dragon
 67115 | Depths:5 | Reached XP level 23. HP: 143/143 MP: 32/46
 67436 | Zot:1    | Entered Level 1 of the Realm of Zot
 67704 | Zot:5    | Entered Level 5 of the Realm of Zot
 68458 | Zot:4    | Identified the +4 dragonskin cloak
 68458 | Zot:4    | Noticed Tiamat
 69686 | Zot:5    | Noticed an orb of fire
 69688 | Zot:5    | Noticed an orb of fire
 69688 | Zot:5    | Noticed an orb of fire
 69690 | Zot:5    | Noticed an orb of fire
 69690 | Zot:5    | Noticed a Killer Klown
 69690 | Zot:5    | Noticed an orb of fire
 69700 | Zot:5    | Killed an ancient lich
 69712 | Zot:5    | Reached skill level 24 in Stealth
 69716 | Zot:5    | Killed a Killer Klown
 69765 | Zot:5    | Noticed an orb of fire
 69901 | Zot:5    | Noticed a Killer Klown
 69923 | Zot:5    | Killed a Killer Klown
 70096 | Zot:5    | Gained mutation: You are frail. (-10% HP) [an orb of fire]
 70117 | Zot:5    | Gained mutation: Your body sometimes deteriorates upon
                  | taking damage. [an orb of fire]
 70124 | Zot:5    | Killed an orb of fire
 70409 | Zot:5    | Gained mutation: You are occasionally teleported next to
                  | monsters. [an orb of fire]
 70424 | Zot:5    | Gained mutation: You occasionally shout uncontrollably at
                  | your foes. [an orb of fire]
 70618 | Zot:5    | Lost mutation: You are clumsy. (Dex -2) [an orb of fire]
 70620 | Zot:5    | Lost mutation: Your body sometimes deteriorates upon taking
                  | damage. [potion of mutation]
 70620 | Zot:5    | Lost mutation: You are mostly covered in rugged brown
                  | scales. (AC +2, +5% HP) [potion of mutation]
 70620 | Zot:5    | Lost mutation: You are frail. (-10% HP) [potion of
                  | mutation]
 70620 | Zot:5    | Lost mutation: You occasionally shout uncontrollably at
                  | your foes. [potion of mutation]
 70621 | Zot:5    | Lost mutation: You are somewhat resistant to further
                  | mutation. [potion of mutation]
 70621 | Zot:5    | Lost mutation: You have very sharp teeth. [potion of
                  | mutation]
 70621 | Zot:5    | Lost mutation: You have sharp fingernails. [potion of
                  | mutation]
 70621 | Zot:5    | Gained mutation: Your spells are a little easier to cast,
                  | but a little less powerful. [potion of mutation]
 70621 | Zot:5    | Gained mutation: You have large cloven feet. [potion of
                  | mutation]
 70622 | Zot:5    | Lost mutation: Your spells are a little easier to cast, but
                  | a little less powerful. [potion of mutation]
 70622 | Zot:5    | Lost mutation: You are partially covered in rugged brown
                  | scales. (AC +1, +3% HP) [potion of mutation]
 70622 | Zot:5    | Lost mutation: You have large cloven feet. [potion of
                  | mutation]
 70622 | Zot:5    | Gained mutation: You have a pair of small horns on your
                  | head. [potion of mutation]
 70622 | Zot:5    | Gained mutation: Your movements are slightly less
                  | encumbered by armour. (ER -2) [potion of mutation]
 70623 | Zot:5    | Lost mutation: You have a pair of small horns on your head.
                  | [potion of mutation]
 70623 | Zot:5    | Lost mutation: You are occasionally teleported next to
                  | monsters. [potion of mutation]
 70623 | Zot:5    | Lost mutation: Your movements are slightly less encumbered
                  | by armour. (ER -2) [potion of mutation]
 70623 | Zot:5    | Gained mutation: You expend magic power (3 MP) to
                  | strengthen your wands. [potion of mutation]
 70623 | Zot:5    | Gained mutation: Your flesh is heat resistant. (rF+)
                  | [potion of mutation]
 71009 | Zot:5    | Killed an orb of fire
 71551 | Zot:5    | Noticed an orb of fire
 71690 | Zot:5    | Noticed an orb of fire
 71692 | Zot:5    | Gained mutation: You tend to lose your temper in combat.
                  | [an orb of fire]
 71697 | Zot:5    | Gained mutation: You are weak. (Str -2) [an orb of fire]
 71727 | Zot:5    | Gained mutation: Your spells are a little easier to cast,
                  | but a little less powerful. [an orb of fire]
 72019 | Zot:4    | Killed Tiamat
 72073 | Zot:4    | Lost mutation: Your flesh is heat resistant. (rF+) [potion
                  | of mutation]
 72073 | Zot:4    | Lost mutation: Your spells are a little easier to cast, but
                  | a little less powerful. [potion of mutation]
 72073 | Zot:4    | Gained mutation: You are dopey. (Int -2) [potion of
                  | mutation]
 72073 | Zot:4    | Gained mutation: You can translocate small distances at
                  | will. [potion of mutation]
 72073 | Zot:4    | Lost mutation: You are weak. (Str -2) [potion of mutation]
 72074 | Zot:4    | Lost mutation: You expend magic power (3 MP) to strengthen
                  | your wands. [potion of mutation]
 72074 | Zot:4    | Lost mutation: You tend to lose your temper in combat.
                  | [potion of mutation]
 72074 | Zot:4    | Lost mutation: You are dopey. (Int -2) [potion of mutation]
 72074 | Zot:4    | Gained mutation: You are weak. (Str -2) [potion of
                  | mutation]
 72074 | Zot:4    | Gained mutation: Your flesh is cold resistant. (rC+)
                  | [potion of mutation]
 72358 | Zot:4    | Reached XP level 24. HP: 117/144 MP: 33/47
 75519 | Zot:5    | Noticed an orb of fire
 75953 | Zot:5    | Gained mutation: Your magical capacity is low. (-10% MP)
                  | [an orb of fire]
 75967 | Zot:5    | Gained mutation: You do not regenerate when monsters are
                  | visible. [an orb of fire]
 75968 | Zot:5    | HP: 3/145 [orb of fire/fireball (40)]
 75972 | Zot:5    | Gained mutation: Your magical capacity is very low. (-20%
                  | MP) [an orb of fire]
 75972 | Zot:5    | HP: 1/145 [orb of fire/fireball (2)]
 75975 | Zot:5    | Killed from afar by an orb of fire

Vault maps used:
D:1:      minmay_arrival_up_and_down, minivault_19, minmay_misc_feat_hallway,
          minmay_lizard_pond
D:2:      lemuel_coloured_pillars_altar, gammafunk_temple_overflow_claw
D:3:      old_standard_altar, minmay_crystal_water
D:4:      nemelex_xobeh_ov_fountains_minmay
D:5:      old_standard_altar, first_ration, uniq_grinder, uniq_duvessa
D:6:      gammafunk_temple_overflow_arena, serial_shops,
          nicolae_shop_behind_doors, sigmund_army
D:7:      grunt_dithmenos_shadows, minmay_temple_entry_grid
D:8:      lemuel_doored_altar, uniq_joseph, uniq_gastronok
D:9:      erik_lair_island, serial_shops, nicolae_shop_trees, uniq_pikel,
          uniq_harold
D:11:     uniq_erolcha, uniq_maurice
D:12:     orc_david_3, basic_altar
D:13:     serial_shops, nicolae_shop_crystal, hangedman_stone_soup
D:14:     david_vaults_2, kennysheep_doodads, nicolae_lava_and_water,
          uniq_louise
D:15:     grunt_enter_depths_snipers, glass_columns_a, grunt_ministairs_10
Temple:   minmay_temple_bridge_abc
Lair:1:   serial_bayou_shore_b
Lair:2:   palyth_hydra_swamp_entry
Lair:3:   chequers_serial_rivers_room_b, forest_entry_grove, grunt_megastairs_2,
          lemuel_fruit_tree, uniq_snorg
Lair:4:   dummy_snake_entry
Lair:5:   uniq_urug
Lair:6:   hangedman_lair_caniforms_friends, slime_altar_1
Swamp:1:  serial_swamp_ruin, evilmike_swamp_ruin_house_1,
          evilmike_swamp_ruin_house_3
Swamp:2:  ebering_ghost_rock_garden, evilmike_swamp_ruin_rubble_1, swamp_pool3
Swamp:3:  evilmike_swamp_ruin_house_2, uniq_kirke
Swamp:4:  swamp_vile, swamp_pool1
Snake:1:  special_room, uniq_azrael, uniq_asterion
Snake:2:  gammafunk_ghost_necromancy, grunt_ministairs_9, grunt_megastairs_3,
          uniq_agnes, uniq_frances
Snake:3:  serial_shops, freezing_bzr
Snake:4:  minmay_snake_end_coiled, serial_shops, nicolae_shop_stone,
          uniq_vashnia
Slime:2:  nicolae_slime_phagocytosis
Slime:4:  uniq_dissolution
Orc:1:    serial_shops, shop
Orc:2:    st_orc_elflike, nicolae_orc_damp_corner
Elf:1:    elf_arrival_001, serial_shops, nicolae_shop_stone,
          serial_co_window_serial, co_window_paths_b, co_window_cross_1,
          co_window_corner_a, co_window_of_opportunity_a, co_window_cross_1,
          co_window_paths_a, co_window_unsneaky_path_a, co_window_corner_b,
          co_window_corner_ca, co_window_cross_3, co_window_sun,
          co_window_4corner_a, glass_columns_a, glass_columns_a
Elf:2:    uniq_roxanne
Elf:3:    elf_hall, serial_shops, shop, minmay_strange_pillars,
          nicolae_elf_big_sculpture_2
Depths:1: serial_shops, shop, hell_entry, minmay_misc_feat_x,
          minmay_pinched_square, minmay_shoptagon
Depths:2: angbandy_vault, enter_ziggurat_b, gammafunk_ghost_grave, hell_entry,
          corexii_corridor_pit
Depths:3: minmay_diamond_stairs, hell_entry, rand_demon_pan_entry_7,
          minmay_misc_feat_square, minivault_16, minivault_10,
          columned_hall_lemuel
Depths:4: kennysheep_bubble_arena, nicolae_abyss_entry_one_way_or_another,
          hangedman_coc_ice_floe, kennysheep_windowed_goal,
          infiniplex_staircase_pool_2
Depths:5: grunt_runaround, hell_entry, pan_entry, uniq_frederick
Zot:2:    skrybe_zot_glass_2
Zot:4:    kennysheep_room_grid, uniq_tiamat
Bazaar:   bazaar_kenran_forest_clearing

Skill      XL: |  1  2  3  4  5  6  7  8  9 10 11 12 13 14 15 16 17 18 19 20 21 22 23 24 |
---------------+-------------------------------------------------------------------------+-----
Spellcasting   | 3 4 6 8 10 11 12 13 15 17 18 19 | 19.8
Hexes          | 4 7 10 11 12 13 15 17 18 19 | 19.8
Stealth        | 5 6 7 8 10 13 16 18 19 20 21 22 23 24 | 24.9
Short Blades   | 2 3 4 5 9 10 | 10.0
Dodging        | 4 5 6 8 11 12 | 12.0
Fighting       | 1 4 7 10 11 12 13 14 16 18 19 20 21 | 21.2
Transmutations | 6 |  6.0
Air Magic      | 4 |  4.0
Earth Magic    | 4 |  4.0
Evocations     | 1 8 12 | 12.0
Translocations | 4 |  4.0
Conjurations   | 4 |  4.0
Shields        | 4 7 |  7.2
Charms         | 10 | 10.0

Action                   |  1- 3 |  4- 6 |  7- 9 | 10-12 | 13-15 | 16-18 | 19-21 | 22-24 || total
-------------------------+-------+-------+-------+-------+-------+-------+-------+-------++-------
Melee: Dagger            |    26 |    70 |   612 |   462 |   381 |   974 |  1688 |   983 ||  5196
       Bite              |       |       |       |    18 |    53 |   106 |   166 |    49 ||   392
       Quick blade       |       |       |       |       |   546 |   264 |       |       ||   810
Throw: Throwing net      |       |       |       |       |       |       |     2 |     1 ||     3
 Cast: Corona            |     2 |     1 |       |       |       |       |       |       ||     3
       Confuse           |     4 |    21 |   130 |   112 |   157 |   165 |   166 |    99 ||   854
       Tukima's Dance    |       |     1 |    14 |    12 |     2 |     1 |     2 |     2 ||    34
       Dazzling Spray    |       |       |     7 |    16 |    29 |   219 |    90 |    14 ||   375
       Ensorcelled Hiber |       |       |     2 |   105 |   288 |   164 |   108 |    28 ||   695
       Passwall          |       |       |       |       |    10 |     9 |    16 |    29 ||    64
       Apportation       |       |       |       |       |     3 |       |       |       ||     3
       Invisibility      |       |       |       |       |     6 |    13 |    10 |     2 ||    31
       Fulminant Prism   |       |       |       |       |       |    36 |    20 |       ||    56
       Summon Lightning  |       |       |       |       |       |     3 |     2 |       ||     5
       Summon Mana Viper |       |       |       |       |       |       |     8 |    57 ||    65
       Deflect Missiles  |       |       |       |       |       |       |     1 |     3 ||     4
       Discord           |       |       |       |       |       |       |       |    15 ||    15
       Ozocubu's Armour  |       |       |       |       |       |       |       |     4 ||     4
       Summon Butterflie |       |       |       |       |       |       |       |     9 ||     9
Invok: Potion Petition   |       |       |       |       |       |     1 |       |       ||     1
       Call Merchant     |       |       |       |       |       |     8 |     3 |       ||    11
       Bribe Branch      |       |       |       |       |       |       |       |     3 ||     3
Evoke: Lightning rod     |       |       |       |       |       |       |     7 |       ||     7
       Wand              |       |       |       |       |       |       |     7 |     3 ||    10
  Use: Scroll            |       |     1 |     5 |    12 |    12 |    19 |     9 |    13 ||    71
       Potion            |       |       |       |     2 |     7 |     3 |       |    35 ||    47
 Stab: Sleeping          |     7 |    11 |    18 |    89 |   220 |   153 |   159 |    91 ||   748
       Confused          |     2 |    10 |    82 |    71 |   123 |    92 |   107 |    59 ||   546
       Distracted        |       |       |     6 |     4 |     9 |     7 |    11 |    23 ||    60
       Invisible         |       |       |     2 |     7 |    36 |   106 |    65 |    14 ||   230
       Held in net/web   |       |       |       |       |       |       |     1 |       ||     1
  Eat: Ration            |       |     4 |     3 |     5 |     8 |     9 |    11 |    11 ||    51
Armor: Robe              |     1 |     2 |    14 |    12 |    44 |    37 |    62 |    51 ||   223
Dodge: Dodged            |    19 |    72 |   440 |   332 |   684 |   939 |   887 |   671 ||  4044
       Deflected         |       |       |       |       |     1 |    24 |    42 |    17 ||    84
Block: Buckler           |       |       |       |       |       |   305 |   502 |   283 ||  1090

Table legend:
 A = Non-vault XP
 B = Vault XP
 C = Vault XP percentage of total XP
 D = Non-vault monster count
 E = Vault monster count
 F = Vault count percentage of total count
                 A         B        C        D         E       F
            +---------+---------+-------+---------+---------+-------
      Total |  570003 |  485074 |  46.0 |    1316 |     521 |  28.4
            +---------+---------+-------+---------+---------+-------
        D:1 |      35 |       5 |  12.5 |      21 |       5 |  19.2
        D:2 |     163 |       0 |   0.0 |      36 |       0 |   0.0
        D:3 |     145 |       0 |   0.0 |      22 |       0 |   0.0
        D:4 |     309 |       0 |   0.0 |      22 |       0 |   0.0
        D:5 |     602 |     496 |  45.2 |      26 |       3 |  10.3
        D:6 |     820 |     167 |  16.9 |      16 |       6 |  27.3
        D:7 |     790 |     115 |  12.7 |      13 |       1 |   7.1
        D:8 |    1429 |    2639 |  64.9 |      21 |       2 |   8.7
        D:9 |    2586 |    2348 |  47.6 |      29 |      10 |  25.6
       D:10 |    4303 |       0 |   0.0 |      35 |       0 |   0.0
       D:11 |    8208 |    1467 |  15.2 |      46 |       2 |   4.2
       D:12 |    9730 |    1368 |  12.3 |      41 |       4 |   8.9
       D:13 |    2950 |     999 |  25.3 |      21 |       4 |  16.0
       D:14 |   10622 |    4406 |  29.3 |      29 |       4 |  12.1
       D:15 |   11047 |    4760 |  30.1 |      38 |       6 |  13.6
     Lair:1 |    4232 |       0 |   0.0 |      17 |       0 |   0.0
     Lair:2 |    7553 |    2445 |  24.5 |      36 |       5 |  12.2
     Lair:3 |    1562 |    2747 |  63.8 |       4 |      11 |  73.3
     Lair:4 |    7652 |     207 |   2.6 |      26 |       1 |   3.7
     Lair:5 |    2739 |     827 |  23.2 |      11 |       1 |   8.3
     Lair:6 |    9103 |   10108 |  52.6 |      29 |      56 |  65.9
    Swamp:1 |   11816 |       0 |   0.0 |      27 |       0 |   0.0
    Swamp:2 |   15380 |    2093 |  12.0 |      37 |       1 |   2.6
    Swamp:3 |   16885 |    2665 |  13.6 |      47 |       4 |   7.8
    Swamp:4 |   16761 |   21699 |  56.4 |      43 |      31 |  41.9
    Snake:1 |    9777 |    6975 |  41.6 |      21 |       8 |  27.6
    Snake:2 |   14973 |   14187 |  48.7 |      31 |      18 |  36.7
    Snake:3 |   15367 |       0 |   0.0 |      30 |       0 |   0.0
    Snake:4 |    5991 |   27841 |  82.3 |      10 |      44 |  81.5
    Slime:1 |    8676 |       0 |   0.0 |      20 |       0 |   0.0
    Slime:2 |   18325 |     256 |   1.4 |      36 |       1 |   2.7
    Slime:3 |    9515 |       0 |   0.0 |      17 |       0 |   0.0
    Slime:4 |   18980 |   16197 |  46.0 |      47 |       2 |   4.1
    Slime:5 |    9033 |   20083 |  69.0 |      24 |       9 |  27.3
      Orc:1 |    1614 |       0 |   0.0 |      21 |       0 |   0.0
      Orc:2 |    2026 |    7602 |  79.0 |      19 |      25 |  56.8
      Elf:1 |   17401 |    1710 |   8.9 |      27 |       3 |  10.0
      Elf:2 |   14567 |   23989 |  62.2 |      27 |      27 |  50.0
      Elf:3 |   19439 |   26467 |  57.7 |      33 |      19 |  36.5
   Depths:1 |   37830 |   13567 |  26.4 |      54 |      14 |  20.6
   Depths:2 |   34672 |   70549 |  67.0 |      47 |      35 |  42.7
   Depths:3 |   28844 |   11774 |  29.0 |      35 |      11 |  23.9
   Depths:4 |   23700 |   17465 |  42.4 |      28 |      12 |  30.0
   Depths:5 |       0 |   93185 | 100.0 |       0 |      90 | 100.0
      Zot:1 |   26425 |       0 |   0.0 |      17 |       0 |   0.0
      Zot:2 |   23946 |       0 |   0.0 |      13 |       0 |   0.0
      Zot:3 |   20833 |       0 |   0.0 |      13 |       0 |   0.0
      Zot:4 |   25397 |   23991 |  48.6 |      18 |      21 |  53.8
      Zot:5 |   35250 |   47675 |  57.5 |      35 |      25 |  41.7
            +---------+---------+-------+---------+---------+-------
